cohdb
Replays
Latest Replays
All Replays
Popular Replays
Top Player Replays
Match Explorer
How It Works
Community
CoH3 Stats
Reddit
Sign in to upload your games and track your stats! →
Sign in with Steam
Match 45146645
Unlisted
Match 45146645
Overview
Messages
Build Orders
End
Royal Engineer Section
Construct Section Command Post
Infantry Section
Infantry Section
Grenade Package
Infantry Section
Construct Platoon Command Post
Selects Heavy Armor Battlegroup
Selects Light Vehicle Withdraw and Refit
Selects Rigorous Vehicle Training
Selects Radio Net
Construct Company Command Post
Unlock M3 Grant Medium Tanks
Foot Guards Section
M3 Grant Medium Tank
Selects Recon Artillery
Recon Artillery
M3 Grant Medium Tank
Foot Guards Section
Selects Forward Repair Assembly
Royal Engineer Section
M3 Grant Medium Tank
Recon Artillery
M3 Grant Medium Tank
Radio Net
Recon Artillery
Selects Churchill Black Prince Heavy Tank
Churchill Black Prince Heavy Tank
M3 Grant Medium Tank
Recon Artillery
Royal Engineer Section
Infantry Section
M3 Grant Medium Tank
Recon Artillery
Churchill Black Prince Heavy Tank
Kovalian
Katyusha
Hyuns
阴沟奔行鼠
XuZhongwei
Osrei
弓弦
demtiku
0
0
Comments
sign in to comment!
No comments posted yet!